 Dungeon Crawl Stone Soup version 0.31.0-32-g396128a36d (webtiles) character file.

Game seed: 296717004631350338

2208 0gre the Frost Mage (level 9, 0/66 HPs)
             Began as a Gnoll Ice Elementalist on Apr 4, 2024.
             Was an Initiate of Gozag.
             Slain by an acid dragon (5 damage)
             ... on level 6 of the Dungeon.
             The game lasted 00:27:02 (5243 turns).

0gre the Frost Mage (Gnoll Ice Elementalist)        Turns: 5243, Time: 00:27:03

Health: 0/66       AC: -1    Str:  9    XL:     9   Next: 34%
Magic:  6/19       EV: 15    Int: 14    God:    Gozag
Gold:   670        SH:  0    Dex: 16    Spells: 14/21 levels left

rFire   . . .        a - +1 long sword
rCold   . . .        (no shield)
rNeg    . . .        C - +0 robe
rPois   +            (no helmet)
rElec   .            (no cloak)
rCorr   .            l - +2 pair of gloves
SInv    .            u - +0 pair of boots
Will    .....        (no amulet)
Stlth   +++          p - ring of poison resistance
HPRegen 0.31/turn    (no ring)
MPRegen 0.16/turn

%: no passive effects
@: corroded, freezing walls
A: fangs 1, strong nose, distributed training
a: Renounce Religion, Potion Petition, Call Merchant, Bribe Branch


You were on level 6 of the Dungeon.
You worshipped Gozag.
Gozag was pleased with you.
You visited 2 branches of the dungeon, and saw 7 of its levels.

You collected 715 gold pieces.
You paid 45 gold pieces to Gozag.

Inventory:

Hand Weapons
 a - a +1 long sword (weapon)
 b - a +0 orcbow
 c - a +0 halberd
 d - a +0 morningstar
Missiles
 q - 11 poisoned darts (quivered)
 s - 3 boomerangs
Armour
 l - a +2 pair of gloves (worn)
 u - a +0 pair of boots (worn)
 C - a +0 robe (worn)
Jewellery
 p - a ring of poison resistance (left hand)
 y - a ring of ice
Wands
 k - a wand of mindburst (11)
Scrolls
 g - a scroll of teleportation
 h - a scroll of revelation
 m - 2 scrolls of poison
 o - a scroll of brand weapon
 t - a scroll of immolation
 w - a scroll of silence {unknown}
 x - 2 scrolls of torment {unknown}
 z - a scroll of vulnerability {unknown}
Potions
 e - a potion of magic
 f - 3 potions of lignification
 i - 5 potions of curing
 j - a potion of mutation
 n - 2 potions of heal wounds
 r - a potion of might
 v - a potion of haste
 A - a potion of brilliance {unknown}
 B - a potion of invisibility {unknown}


   Skills:
 + Level 4.3 Fighting
 + Level 4.3 Short Blades
 + Level 4.3 Long Blades
 + Level 4.3 Axes
 + Level 4.3 Maces & Flails
 + Level 4.3 Polearms
 + Level 4.3 Staves
 + Level 4.3 Ranged Weapons
 + Level 4.3 Throwing
 + Level 4.3 Armour
 + Level 6.3 Dodging
 + Level 6.1 Stealth
 + Level 4.3 Shields
 + Level 4.3 Unarmed Combat
 + Level 6.7 Spellcasting
 + Level 3.5 Conjurations
 + Level 3.5 Hexes
 + Level 3.5 Summonings
 + Level 3.5 Necromancy
 + Level 3.5 Translocations
 + Level 3.5 Fire Magic
 + Level 8.0 Ice Magic
 + Level 3.5 Air Magic
 + Level 3.5 Earth Magic
 + Level 3.5 Alchemy
 + Level 4.7 Invocations
 + Level 4.3 Evocations
 + Level 3.9 Shapeshifting


You had 14 spell levels left.
You knew the following spells:

 Your Spells              Type           Power      Damage    Failure   Level
a - Freeze                Ice            100%       1d10      1%          1
b - Frozen Ramparts       Ice            54%        1d9       1%          3
c - Summon Ice Beast      Ice/Summ       20%        N/A       4%          3

Your spell library contained the following spells:

 Spells                   Type           Power      Damage    Failure   Level
 Ozocubu's Armour         Ice            27%        N/A       1%          3
 Call Imp                 Summ           28%        N/A       5%          2
 Sublimation of Blood     Necr           14%        N/A       5%          2
 Summon Hydra             Summ           7%         N/A       100%        7


Dungeon Overview and Level Annotations

Branches:
Dungeon (6/15)             Temple (1/1) D:4

Altars:
Ashenzari
Cheibriados
Dithmenos
Elyvilon
Gozag
Kikubaaqudgha
Makhleb
Nemelex Xobeh
Qazlal
Ru
Sif Muna
Trog
Uskayaw
Vehumet
Wu Jian
Xom
Yredelemnul
Zin


Innate Abilities, Weirdness & Mutations

You have very sharp teeth.
Your uncanny sense of smell can sniff out nearby items.
Your experience applies equally to all skills.


Message History

Your ice beast disappears in a puff of smoke!
The wall freezes the acid dragon.
You hit the acid dragon.
The acid dragon is heavily wounded.
The wall freezes the acid dragon but does no damage.
The acid dragon spits acid at you. The splash of acid hits you!!
The acid corrodes you!
The wall freezes the acid dragon.
The acid dragon bites you! The acid dragon closely misses you.
You hit the acid dragon but do no damage.
The acid dragon is heavily wounded.
The wall freezes the acid dragon.
The acid dragon bites you but does no damage.
The acid dragon misses you.
You barely miss the acid dragon.
The acid dragon is severely wounded.
The wall freezes the acid dragon.
The acid dragon barely misses you. The acid dragon closely misses you.
You closely miss the acid dragon.
The acid dragon is severely wounded.
The frozen ramparts melt away.
The acid dragon spits acid at you. The splash of acid hits you!
* * * LOW HITPOINT WARNING * * *
The acid corrodes you!
Casting: Frozen Ramparts (safe; 1% risk of failure)
Confirm with . or Enter, or press ? or * to list all spells.
Casting: Frozen Ramparts (safe; 1% risk of failure)
Press: ? - help, Dir - look around, f - activate The walls around you are covered in ice.
The wall freezes the acid dragon.
The acid dragon bites you!
* * * LOW HITPOINT WARNING * * *
The acid dragon barely misses you.
You hit the acid dragon.
You bite the acid dragon, but do no damage.
The acid dragon is almost dead.
The wall freezes the acid dragon.
The acid dragon barely misses you. The acid dragon claws you.
You die...
Your body crumbles into a pile of gold.

##....##.###......# .
#...###..###......##.
................#....
..#.............#....
##########...#.#.....
#..# ..#.......#...[#
##..##..###..##..)....
#.##.D##[?#..##.).....
#.##.@##[$#...........
#.###########..##.....
#.####.)..###.........
##....####.#.........#
######### #.#.........#
#....'..# #.#.#.......#
#.88.#..####.#.#........
#.88.###...)##.#.......#
#....########..........#


You could see an acid dragon (catching breath).

Vanquished Creatures
  Prince Ribbit (D:5)
  Eustachio (D:4)
  A water moccasin (D:4)
  An ice beast (D:6)
  2 sky beasts (D:6)
  2 centaurs (D:6)
  3 phantoms
  Blork the orc (D:5)
  A scorpion (D:6)
  A howler monkey (D:5)
  A bombardier beetle (D:4)
  3 orc priests
  A hound (D:4)
  A sleepcap (D:6)
  2 jellies (D:6)
  6 orc wizards
  Terence (D:2)
  10 adders
  A shadow imp (D:6)
  A white imp (D:6)
  2 ufetubi (D:5)
  18 orcs
  6 ball pythons
  16 bats
  6 endoplasms
  2 giant cockroaches
  8 goblins
  9 hobgoblins
  4 jackals
  8 kobolds
  5 quokkas
  8 frilled lizards
  7 rats
140 creatures vanquished.

Vanquished Creatures (collateral kills)
  Edmund (D:6)
  A scorpion (D:6)
  2 jellies
  A hound (D:6)
  An orc wizard (D:6)
  An orc (D:6)
7 creatures vanquished.

Grand Total: 147 creatures vanquished

Notes
Turn   | Place    | Note
-------+----------+-------------------------------------------
     0 | D:1      | 0gre the Gnoll Ice Elementalist began the quest for the
                  | Orb.
     0 | D:1      | Reached XP level 1. HP: 13/13 MP: 6/6
   180 | D:1      | Reached XP level 2. HP: 19/19 MP: 7/7
   596 | D:1      | Reached skill level 5 in Spellcasting
   596 | D:1      | Reached XP level 3. HP: 15/25 MP: 7/9
   845 | D:1      | Found a faded altar of an unknown god.
  1019 | D:1      | Learned a level 3 spell: Frozen Ramparts
  1055 | D:2      | Reached skill level 1 in Invocations
  1329 | D:2      | Noticed Terence
  1336 | D:2      | Killed Terence
  1337 | D:2      | Reached skill level 1 in Fighting
  1337 | D:2      | Reached skill level 1 in Short Blades
  1337 | D:2      | Reached skill level 1 in Long Blades
  1337 | D:2      | Reached skill level 1 in Axes
  1337 | D:2      | Reached skill level 1 in Maces & Flails
  1337 | D:2      | Reached skill level 1 in Polearms
  1337 | D:2      | Reached skill level 1 in Staves
  1337 | D:2      | Reached skill level 1 in Ranged Weapons
  1337 | D:2      | Reached skill level 1 in Throwing
  1337 | D:2      | Reached skill level 1 in Armour
  1337 | D:2      | Reached skill level 1 in Shields
  1337 | D:2      | Reached skill level 1 in Unarmed Combat
  1337 | D:2      | Reached skill level 1 in Evocations
  1337 | D:2      | Reached skill level 1 in Shapeshifting
  1337 | D:2      | Reached XP level 4. HP: 23/32 MP: 7/11
  1737 | D:2      | Found a shimmering altar of Xom.
  1941 | D:3      | Found a sacrificial altar of Ru.
  2115 | D:3      | Reached skill level 1 in Conjurations
  2115 | D:3      | Reached skill level 1 in Hexes
  2115 | D:3      | Reached skill level 1 in Summonings
  2115 | D:3      | Reached skill level 1 in Necromancy
  2115 | D:3      | Reached skill level 1 in Translocations
  2115 | D:3      | Reached skill level 1 in Fire Magic
  2115 | D:3      | Reached skill level 1 in Air Magic
  2115 | D:3      | Reached skill level 1 in Earth Magic
  2115 | D:3      | Reached skill level 1 in Alchemy
  2824 | D:4      | Reached XP level 5. HP: 27/35 MP: 9/12
  2983 | D:4      | Noticed a water moccasin
  2994 | D:4      | Killed a water moccasin
  2995 | D:4      | Reached XP level 6. HP: 29/44 MP: 4/14
  3059 | D:4      | Reached skill level 5 in Dodging
  3100 | D:4      | Found a staircase to the Ecumenical Temple.
  3143 | Temple   | Entered the Ecumenical Temple
  3148 | Temple   | Became a worshipper of Gozag Ym Sagoz the Greedy
  3202 | D:4      | Learned a level 3 spell: Summon Ice Beast
  3210 | D:4      | Noticed Eustachio
  3224 | D:4      | Killed Eustachio
  3225 | D:4      | Reached XP level 7. HP: 44/51 MP: 12/15
  3825 | D:5      | Entered Level 5 of the Dungeon
  3853 | D:5      | Reached skill level 5 in Stealth
  3990 | D:5      | Noticed Blork the orc
  4139 | D:5      | Killed Blork the orc
  4154 | D:5      | Reached XP level 8. HP: 55/58 MP: 9/16
  4242 | D:5      | Noticed Prince Ribbit
  4254 | D:5      | Killed Prince Ribbit
  4278 | D:5      | Found a bloodstained altar of Trog.
  4648 | D:6      | Noticed Edmund
  4660 | D:6      | Killed Edmund
  4838 | D:6      | Reached XP level 9. HP: 64/65 MP: 18/18
  4950 | D:6      | Reached skill level 8 in Ice Magic
  5243 | D:6      | Slain by an acid dragon

Illustrated notes

Levels and vault maps discovered:
D:1:      dpeg_arrival_snail, layout_basic,
          hellmonk_ecumenical_altar_leap_of_faith, grunt_decor_clamped,
          solitary_fountain
D:2:      layout_loops_corners, basic_altar, grunt_decor_resistance,
          uniq_terence
D:3:      layout_basic, nicolae_ru_sacrificial_ziggurat,
          dreamdust_mushroom_princess
D:4:      layout_basic, minmay_temple_entry_crystal_x, uniq_eustachio
D:5:      layout_rooms, trog_three_pillars_becter, uniq_prince_ribbit1,
          uniq_blork_the_orc
D:6:      minmay_chambers_of_fours, layout_cave_pools, lemuel_doored_altar,
          st_stairs_9, roderic_batcave, lemuel_flame_loot_1, uniq_edmund
Temple:   minmay_freezing_vapour_temple

Skill      XL: |  1  2  3  4  5  6  7  8  9 |
---------------+----------------------------+-----
Spellcasting   | 5 6 |  6.7
Invocations    | 1 2 3 4 |  4.7
Fighting       | 1 2 3 4 |  4.3
Short Blades   | 1 2 3 4 |  4.3
Long Blades    | 1 2 3 4 |  4.3
Axes           | 1 2 3 4 |  4.3
Maces & Flails | 1 2 3 4 |  4.3
Polearms       | 1 2 3 4 |  4.3
Staves         | 1 2 3 4 |  4.3
Ranged Weapons | 1 2 3 4 |  4.3
Throwing       | 1 2 3 4 |  4.3
Armour         | 1 2 3 4 |  4.3
Shields        | 1 2 3 4 |  4.3
Unarmed Combat | 1 2 3 4 |  4.3
Evocations     | 1 2 3 4 |  4.3
Shapeshifting  | 1 2 3 |  3.9
Conjurations   | 1 2 3 |  3.5
Hexes          | 1 2 3 |  3.5
Summonings     | 1 2 3 |  3.5
Necromancy     | 1 2 3 |  3.5
Translocations | 1 2 3 |  3.5
Fire Magic     | 1 2 3 |  3.5
Air Magic      | 1 2 3 |  3.5
Earth Magic    | 1 2 3 |  3.5
Alchemy        | 1 2 3 |  3.5
Dodging        | 5 6 |  6.3
Stealth        | 5 6 |  6.1
Ice Magic      | 8 |  8.0

Action                     |  1- 3 |  4- 6 |  7- 9 || total
---------------------------+-------+-------+-------++-------
  Melee: Dagger            |    82 |     2 |       ||    84
         Bite              |     9 |     4 |    12 ||    25
         Long sword        |       |    45 |   120 ||   165
         Punch             |       |       |     2 ||     2
   Fire: Sling             |    15 |    49 |    49 ||   113
         Orcbow            |       |       |     5 ||     5
  Throw: Dart              |       |     7 |     4 ||    11
         Boomerang         |       |     1 |       ||     1
   Cast: Freeze            |     1 |     1 |     1 ||     3
         Frozen Ramparts   |     1 |    10 |    23 ||    34
         Summon Ice Beast  |       |       |     8 ||     8
  Evoke: Wand              |       |       |     1 ||     1
    Use: Scroll            |       |       |    13 ||    13
         Potion            |       |       |     1 ||     1
   Stab: Sleeping          |     1 |     3 |     3 ||     7
         Distracted        |       |       |     1 ||     1
 Armour: Robe              |    31 |    30 |    97 ||   158
  Dodge: Dodged            |    48 |    25 |    91 ||   164
